 Dungeon Crawl Stone Soup version 0.17.1-1-g73c8601 (webtiles) character file.

25 ololoev the Chopper (level 2, -4/24 HPs)
             Began as a Demonspawn Fighter on Dec 23, 2015.
             Slain by a sky beast (5 damage)
             ... on level 6 of the Dungeon.
             The game lasted 00:02:10 (378 turns).

ololoev the Chopper (Demonspawn Fighter)             Turns: 378, Time: 00:02:10

Health: -4/24      AC: 11    Str: 16    XL:     2   Next: 86%
Magic:  2/2        EV:  8    Int:  9    God:
Gold:   50         SH:  0    Dex: 12    Spells: 0 memorised, 1 level left

rFire  . . .     SeeInvis .     a - +0 war axe
rCold  . . .     Clarity  .     l - +0 plate armour
rNeg   . . .     SustAt   .     (no shield)
rPois  .         Gourm    .     (no helmet)
rElec  .         Spirit   .     (no cloak)
rCorr  .         Warding  .     (no gloves)
rMut   .         Stasis   .     (no boots)
MR     .....                    (no amulet)
Stlth  ..........               (no ring)
                                c - +4 ring of evasion

@: not resistant to hostile enchantments, extremely unstealthy
A: nightstalker 1
a: no special abilities


Innate Abilities, Weirdness & Mutations

You are slightly more attuned to the shadows.

Inventory:

Hand Weapons
 a - a +0 war axe (weapon)
Armour
 l - a +0 plate armour (worn)
Jewellery
 c - a +4 ring of evasion (left hand)
Scrolls
 b - a scroll of immolation {unknown}
 g - 2 scrolls of remove curse {unknown}
 h - a scroll of fear {unknown}
 k - a scroll of recharging {unknown}
 n - a scroll of identify {unknown}
Potions
 d - a potion of might
 f - a potion of brilliance {unknown}
 i - 3 potions of curing {unknown}
 j - a potion of heal wounds {unknown}
Comestibles
 e - 2 bread rations
 m - a meat ration


   Skills:
 - Level 3.0 Fighting
 * Level 3.1 Axes
 - Level 2.6 Armour
   Level 2.6 Shields


You had one spell level left.
You didn't know any spells.


You were on level 6 of the Dungeon.
You were not hungry.

You visited 1 branch of the dungeon, and saw 5 of its levels.

You collected 50 gold pieces.

#..## #................
##.≈###.........#......
##...#########.....###
###....# #......#
#....# #......##.
##....######........
#....§≈..........##
#.....Y######....#
##.....@.........#
#....#######....#
#...$# #....# ######
######

Notes
Turn   | Place    | Note
--------------------------------------------------------------
     0 | D:1      | ololoev the Demonspawn Fighter began the quest for the Orb.
     0 | D:1      | Reached XP level 1. HP: 18/18 MP: 1/1
   207 | D:3      | Gained mutation: You are slightly more attuned to the shadows. [demonic ancestry]
   207 | D:3      | Reached XP level 2. HP: 24/24 MP: 2/2
   280 | D:3      | You fall through a shaft for 3 floors!
   322 | D:6      | Noticed a sky beast
   378 | D:6      | HP: 1/24 [sky beast (2)]
   378 | D:6      | Slain by a sky beast

Dungeon Overview and Level Annotations

Branches:
Dungeon (6/15)
 Temple: D:4-7

Altars:


Message History

You closely miss the sky beast.
The sky beast is heavily wounded.
The sky beast hits you. The sky beast shocks you.
You miss the sky beast.
The sky beast is heavily wounded.
The sky beast hits you but does no damage.
You miss the sky beast.
The sky beast is heavily wounded.
The sky beast closely misses you.
The sky beast flickers out of sight!
Deactivating autopickup; reactivate with Ctrl-A.
Something hits you but does no damage.
You miss something. Something hits you but does no damage.
Something hits you but does no damage.
A sky beast appears from thin air!
Reactivating autopickup.
Found 9 gold pieces.
You completely miss the sky beast.
The sky beast is heavily wounded.
The sky beast closely misses you.
The sky beast flickers out of sight!
Deactivating autopickup; reactivate with Ctrl-A.
Something hits you but does no damage.
You closely miss something.
A sky beast appears from thin air!
Reactivating autopickup.
The sky beast hits you but does no damage.
You miss the sky beast.
The sky beast is heavily wounded.
The sky beast misses you.
The sky beast hits you but does no damage.
You hit the sky beast but do no damage.
The sky beast is heavily wounded.
The sky beast hits you. The sky beast shocks you.
You closely miss the sky beast.
The sky beast is heavily wounded.
The sky beast flickers out of sight!
Deactivating autopickup; reactivate with Ctrl-A.
Something hits you. Something shocks you.
A sky beast appears from thin air!
Reactivating autopickup.
The sky beast hits you. The sky beast shocks you.
You die...

You could see a sky beast.

Vanquished Creatures
  2 adders
  2 giant cockroaches
  A bat (D:3)
  A goblin (D:3)
  3 rats
9 creatures vanquished.

Action                   || total
-------------------------++-------
Melee: War axe           ||    36

Vault maps used:
D:1:      dpeg_arrival_pond, hangedman_feature_mirror, minmay_newt_pond
D:2:      first_bread, uniq_crazy_yiuf_cottage
D:6:      nicolae_whirlpool
